Map: Catalyst LE

Players

Alchemy

  • Race: Protoss Protoss
  • League: Silver
  • Spawn Location: 11:00

jojolo - Winner!

  • Race: Protoss Protoss
  • League: Gold
  • Spawn Location: 5:00

VOD

Have the link to the VOD?

Description

Time

  • Played on: Feb. 10, 2018, 3:41 p.m.
  • Length: 17:08
Show
View Real Time Build Order
Export as new Build Order

Alchemy Protoss 

Build Orders:  

Get SALT Encoding   

  12  0:15  Probe  
  13  0:25  Pylon  
  13  0:27  Probe  
  14  0:39  Probe  
  15  0:51  Probe  
  16  1:00  Pylon  
  16  1:03  Probe  
  17  1:20  Gateway  
  17  1:21  Gateway  
  17  2:13  Zealot (Chrono Boost), Cybernetics Core  
  17  2:15  Zealot (Chrono Boost)  
  21  2:33  Assimilator  
  21  2:36  Zealot x2 (Chrono Boost), Probe  
  26  2:48  Probe  
  27  2:58  Zealot x2  
  31  3:10  Pylon  
  31  3:28  Probe  
  30  3:43  Zealot x2 (Chrono Boost)  
  34  4:01  Zealot x2 (Chrono Boost)  
  38  4:24  Robotics Facility  
  38  4:27  Pylon  
  38  4:30  Pylon  
  38  4:35  Assimilator  
  38  4:37  Probe  
  39  4:49  Probe  
  35  5:01  Probe  
  31  5:11  Immortal (Chrono Boost)  
  35  5:34  Robotics Facility  
  35  5:37  Nexus  
  31  6:28  Immortal (Chrono Boost)  
  35  6:43  Cybernetics Core  
  35  6:45  Pylon  
  35  6:54  Probe (Chrono Boost)  
  35  7:01  Immortal  
  40  7:06  Probe (Chrono Boost)  
  41  7:12  Probe (Chrono Boost)  
  39  7:21  Probe  
  39  7:28  Warp Gate (Chrono Boost)  
  38  7:33  Probe  
  39  7:37  Assimilator  
  39  7:42  Assimilator  
  38  7:45  Probe  
  29  7:57  Probe  
  30  8:09  Probe  
  31  8:21  Probe  
  32  8:32  Immortal  
  32  8:33  Probe  
  37  8:45  Probe (Chrono Boost)  
  38  9:01  Pylon  
  38  9:19  Probe  
  39  9:29  Pylon  
  39  9:32  Pylon  
  39  9:47  Probe  
  39  9:49  Immortal  
  44  9:59  Probe  
  45  10:11  Probe  
  46  10:23  Probe  
  47  10:30  Stalker x2  
  52  10:35  Probe  
  52  10:47  Probe  
  53  10:54  Pylon  
  53  10:59  Probe  
  52  11:12  Immortal (Chrono Boost)  
  56  11:21  Pylon  
  56  11:24  Probe  
  57  11:36  Probe, Sentry  
  60  11:43  Stalker  
  60  11:44  Immortal (Chrono Boost)  
  66  12:07  Sentry  
  68  12:10  Stalker  
  70  12:19  Pylon  
  70  12:28  Pylon  
  70  12:33  Pylon  
  70  12:35  Immortal (Chrono Boost)  
  74  12:56  Stalker  
  76  13:04  Stalker  
  78  13:05  Immortal (Chrono Boost)  
  82  13:35  Immortal (Chrono Boost)  
  86  14:07  Twilight Council  
  26  14:57  Warp Prism  
  28  15:00  Dark Shrine  
  28  15:11  Stargate  
  28  15:14  Stargate  
  28  15:26  Stalker  
  28  15:27  Stalker  
  24  16:02  Nexus  
  24  16:04  Pylon  
  24  16:07  Pylon  
  24  16:17  Assimilator  
  24  16:20  Assimilator  
  24  16:24  Stargate  
  24  16:25  Stargate  
  24  16:56  Pylon  
Show
View Real Time Build Order
Export as new Build Order

jojolo Protoss - Winner!

Build Orders: Double Forge 

Get SALT Encoding   

  12  0:01  Probe  
  13  0:14  Probe  
  14  0:26  Probe, Pylon  
  15  0:47  Forge  
  15  0:51  Pylon  
  15  0:58  Probe  
  16  1:10  Probe  
  17  1:22  Probe  
  18  1:25  Pylon  
  18  1:34  Probe  
  19  1:40  Pylon  
  19  1:46  Probe  
  20  1:48  Photon Cannon  
  20  1:58  Probe, Pylon  
  21  2:03  Pylon  
  21  2:17  Photon Cannon  
  21  2:22  Photon Cannon  
  21  2:25  Gateway  
  21  2:27  Photon Cannon  
  21  2:35  Pylon  
  21  2:59  Photon Cannon  
  21  3:00  Pylon  
  21  3:10  Nexus  
  21  3:16  Pylon  
  21  3:24  Photon Cannon  
  21  3:43  Forge  
  17  3:58  Zealot  
  19  4:20  Photon Cannon  
  19  4:54  Photon Cannon  
  19  4:57  Photon Cannon  
  19  5:09  Photon Cannon  
  17  5:17  Gateway  
  17  5:24  Pylon  
  17  5:39  Photon Cannon  
  17  5:46  Assimilator  
  17  5:57  Zealot  
  19  6:10  Photon Cannon  
  19  6:12  Photon Cannon  
  19  6:16  Pylon  
  19  6:29  Pylon  
  19  6:41  Photon Cannon  
  19  6:45  Assimilator  
  19  6:51  Pylon  
  19  7:13  Photon Cannon  
  19  7:19  Photon Cannon  
  19  7:26  Pylon  
  19  7:34  Zealot  
  21  7:54  Cybernetics Core  
  21  8:05  Photon Cannon  
  21  8:28  Photon Cannon  
  21  8:41  Nexus  
  21  8:54  Warp Gate (Chrono Boost)  
  21  8:56  Stargate  
  21  8:58  Pylon  
  21  9:20  Probe  
  22  9:33  Probe  
  23  9:45  Probe  
  24  9:54  Probe  
  24  9:57  Probe  
  24  9:58  Assimilator  
  26  10:02  Assimilator  
  26  10:06  Probe  
  25  10:09  Probe  
  25  10:13  Void Ray (Chrono Boost)  
  26  10:18  Probe  
  31  10:30  Probe  
  31  10:33  Twilight Council  
  32  10:39  Probe  
  32  10:42  Probe  
  34  10:51  Probe  
  34  10:54  Probe  
  36  10:58  Void Ray (Chrono Boost)  
  40  11:06  Probe  
  41  11:13  Dark Shrine  
  41  11:18  Gateway  
  41  11:19  Probe  
  41  11:20  Gateway  
  41  11:25  Probe  
  43  11:31  Probe  
  44  11:37  Robotics Facility, Probe  
  45  11:41  Pylon  
  45  11:43  Probe  
  45  11:45  Protoss Air Weapons Level 1 (Chrono Boost)  
  46  11:49  Probe  
  46  11:50  Void Ray (Chrono Boost)  
  51  12:01  Probe  
  52  12:26  Dark Templar  
  52  12:27  Dark Templar  
  56  12:30  Dark Templar  
  56  12:36  Stalker  
  60  12:58  Probe  
  61  13:03  Observer (Chrono Boost)  
  62  13:08  Stalker  
  62  13:09  Stalker  
  62  13:10  Probe  
  62  13:11  Stalker  
  69  13:13  Zealot  
  69  13:17  Immortal (Chrono Boost)  
  75  13:22  Probe  
  76  13:32  Dark Templar  
  78  13:34  Probe, Dark Templar  
  78  13:37  Zealot  
  78  13:38  Zealot  
  85  13:46  Probe  
  85  13:47  Void Ray  
  90  13:57  Probe  
  91  14:03  Protoss Air Armor Level 1 (Chrono Boost)  
  91  14:09  Probe  
  92  14:15  Protoss Shields Level 1  
  92  14:21  Probe  
  83  14:33  Probe  
  78  14:45  Probe  
  79  14:55  Pylon  
  79  14:58  Pylon  
  79  15:11  Nexus  
  79  16:06  Stalker x3  
  79  16:07  Stalker  
  79  16:10  Void Ray  
Tags
 
Matchup
PvP
Spawn Locations
Cross Positions
Add a new tag
Caveats
  • Supply blocks, unpowered buildings, or Contaminate may cause inaccurate times.
  • Supply counts are checked every 10 seconds.